 Dungeon Crawl Stone Soup version 0.22-a0-558-gc224181 (webtiles) character file.

35 lungs the Digger (level 3, -1/19 HPs)
             Began as a Gargoyle Earth Elementalist on June 27, 2018.
             Slain by a bullfrog (2 damage)
             ... on level 2 of the Dungeon.
             The game lasted 00:10:53 (1728 turns).

lungs the Digger (Gargoyle Earth Elementalist)      Turns: 1728, Time: 00:10:54

Health: -1/19      AC:  5    Str: 11    XL:     3   Next: 33%
Magic:  0/7        EV: 12    Int: 16    God:
Gold:   10         SH:  0    Dex: 10    Spells: 3/7 levels left

rFire    . . .     SeeInvis .   g - -1 dagger (curse)
rCold    . . .     Gourm    .   (no shield)
rNeg     + . .     Faith    .   c - +0 robe
rPois    ∞         Spirit   .   (no helmet)
rElec    +         Reflect  .   (no cloak)
rCorr    .         Harm     .   (no gloves)
MR       .....                  (no boots)
Stlth    ++........             (no amulet)
HPRegen  0.06/turn              (no ring)
MPRegen  0.10/turn              (no ring)

@: about to teleport, very slightly contaminated
A: negative energy resistance 1, electricity resistance, unbreathing,
petrification resistance, rot immunity, AC +3
a: no special abilities


You were on level 2 of the Dungeon.
You were not hungry.

You visited 1 branch of the dungeon, and saw 2 of its levels.

You collected 10 gold pieces.

Inventory:

Hand Weapons
 b - a +0 whip
 g - a cursed -1 dagger (weapon)
 h - a +0 vampiric whip
 o - a +2 spear of freezing
Missiles
 n - 27 stones (quivered)
Armour
 c - a +0 robe (worn)
 e - a +2 pair of boots
Scrolls
 f - a scroll of identify {unknown}
Potions
 j - a potion of lignification {unknown}
 k - a potion of brilliance {unknown}
 l - a potion of magic {unknown}
 m - a potion of heal wounds {unknown}
Comestibles
 d - 2 rations
 i - 3 chunks of flesh


   Skills:
 + Level 1.9 Dodging
 + Level 2.6 Stealth
 * Level 2.7 Spellcasting
   Level 0.7 Transmutations
 + Level 4.0 Earth Magic


You had 3 spell levels left.
You knew the following spells:

 Your Spells              Type           Power        Failure   Level  Hunger
a - Sandblast             Erth           ##....       3%          1    #......
b - Stone Arrow           Conj/Erth      #.....       26%         3    ###....

Your spell library contained the following spells:

 Spells                   Type           Power        Failure   Level  Hunger
 Passwall                 Tmut/Erth      #.......     11%         2    ##.....
 Lee's Rapid Deconstruct  Erth           ##........   71%         5    ######.
 Petrify                  Tmut/Erth      #.......     58%         4    #####..


Dungeon Overview and Level Annotations

Branches:
Dungeon (2/15)

Altars:


Innate Abilities, Weirdness & Mutations

You are resistant to torment.
Your stone body is resilient. (AC +3)
You are immune to poison.
You resist negative energy. (rN+)
You are resistant to electric shocks. (rElec)
You can survive without breathing.
You are immune to petrification.
You are immune to rotting.


Message History

Confirm with . or Enter, or press ? or * to list all spells.
You don't have enough magic to cast that spell.
The bullfrog hits you but does no damage.
The bullfrog barely misses you.
The bullfrog hits you but does no damage.
The bullfrog hits you.
* * * LOW HITPOINT WARNING * * *
Casting: Stone Arrow (safe; 26% risk of failure)
Confirm with . or Enter, or press ? or * to list all spells.
Aiming: Stone Arrow (safe; 26% risk of failure)
Press: ? - help, Shift-Dir - straight line, f/p - bullfrog
Aim: a bullfrog (almost dead)
You miscast Stone Arrow.
You are very lightly contaminated with residual magic.
Sand pours from your hands. The bullfrog misses you.
The bullfrog hits you but does no damage.
As you read the scroll labeled NIVEABR ZYFEIK, it crumbles to dust.
You feel strangely unstable.
It was a scroll of teleportation.
The bullfrog hits you.
You die...

##...............................
#.####+#####.##....####.........
...............#.##..##
...##......####.#.##..## ....
#.............##.... ...
#......####.#.##..#. ...
#...................
#......####.#.##..#.
#..@...####.#.##..#.
#..F........#.##....
#...)............##.
#................##. #
#####.............##.###
#.##..)w...................
#.#...........#..#...##.###
..###.#..####...#...#....##.#
..................#......##.#


You could see a bullfrog and a worm.

Vanquished Creatures
  A gnoll (D:1)
  A leopard gecko (D:2)
  5 bats
  A giant cockroach (D:1)
  4 goblins
  2 hobgoblins (D:2)
  4 kobolds
  A quokka (D:2)
  3 frilled lizards
  2 rats
24 creatures vanquished.

Notes
Turn   | Place    | Note
-------+----------+-------------------------------------------
     0 | D:1      | lungs the Gargoyle Earth Elementalist began the quest for the Orb.
     0 | D:1      | Reached XP level 1. HP: 10/10 MP: 3/3
   135 | D:1      | Reached XP level 2. HP: 3/15 MP: 1/5
   757 | D:1      | Reached XP level 3. HP: 6/19 MP: 6/6
   762 | D:1      | Learned a level 3 spell: Stone Arrow
  1572 | D:2      | Noticed a bullfrog
  1592 | D:2      | Reached skill level 4 in Earth Magic
  1728 | D:2      | Slain by a bullfrog

Vault maps used:
D:1:      dpeg_chamrin_arrival_tetris
D:2:      nicolae_overflow_crystal_walls, minitemple, hex_tiny, uniq_robin

Skill      XL: |  1  2  3 |
---------------+----------+-----
Earth Magic    | 4 |  4.0
Dodging        | |  1.9
Stealth        | |  2.6
Spellcasting   | |  2.7
Transmutations | |  0.7

Action                   || total
-------------------------++-------
Melee: Unarmed           ||    10
       Whip              ||     2
       Dagger            ||    28
 Cast: Sandblast         ||    30
       Stone Arrow       ||     8
  Use: Scroll            ||     1
  Eat: Chunk             ||     4
Armor: Robe              ||    59
Dodge: Dodged            ||   138

Table legend:
 A = Spawn XP
 B = Non-spawn XP
 C = Spawn XP percentage of total XP
 D = Spawn monster count
 E = Non-spawn monster count
 F = Spawn count percentage of total count
 G = Total turns spent on level
                    A         B        C        D         E        F      G
               +---------+---------+-------+---------+---------+-------+---------
         Total |       0 |      50 |   0.0 |       0 |      24 |   0.0 |  1728
               +---------+---------+-------+---------+---------+-------+---------
           D:1 |       0 |      35 |   0.0 |       0 |      14 |   0.0 |   809
           D:2 |       0 |      15 |   0.0 |       0 |      10 |   0.0 |   919
               +---------+---------+-------+---------+---------+-------+---------
